 Dungeon Crawl Stone Soup version 0.17-a0-1927-g319369b (webtiles) character file.

30 Ordine the Digger (level 3, 0/19 HPs)
             Began as a Gargoyle Earth Elementalist on Sept 29, 2015.
             Slain by an adder (4 damage)
             ... on level 2 of the Dungeon.
             The game lasted 00:05:49 (1115 turns).

Ordine the Digger (Gargoyle Earth Elementalist)     Turns: 1115, Time: 00:05:49

Health: 0/19       AC:  5    Str: 11    XL:     3   Next: 20%
Magic:  4/7        EV:  7    Int: 16    God:
Gold:   79         SH:  0    Dex: 10    Spells: 2 memorised, 4 levels left

rFire  . . .     SeeInvis .     a - 87 stones
rCold  . . .     Clarity  .     b - +0 robe
rNeg   + . .     SustAt   .     (no shield)
rPois  ∞         Gourm    .     (no helmet)
rElec  +         Spirit   .     (no cloak)
rCorr  .         Warding  .     (no gloves)
rMut   .         Stasis   .     (no boots)
MR     +....                    (no amulet)
Stlth  ++........               m - ring of protection from magic
                                (no ring)

@: somewhat resistant to hostile enchantments, unstealthy
A: negative energy resistance 1, electricity resistance, unbreathing,
petrification resistance, rot immunity, AC +3
a: no special abilities


You were on level 2 of the Dungeon.
You were not hungry.

You visited 1 branch of the dungeon, and saw 2 of its levels.

You collected 79 gold pieces.

Inventory:

Hand weapons
 i - a +0 club
Missiles
 a - 87 stones (in hand)
Armour
 b - a +0 robe (worn)
Jewellery
 m - a ring of protection from magic (right hand)
Scrolls
 n - 3 scrolls of teleportation
Potions
 e - 2 potions of curing
 g - a potion of magic {unknown}
 j - 2 potions of flight
 k - a potion of invisibility {unknown}
Books
 c - a book of Geomancy

   Spells                             Type                      Level
   a - Sandblast                      Earth                        1
   b - Stoneskin                      Transmutation/Earth          2
   c - Passwall                       Transmutation/Earth          3
   d - Stone Arrow                    Conjuration/Earth            3
   e - Petrify                        Transmutation/Earth          4
   f - Lee's Rapid Deconstruction     Earth                        5
Comestibles
 d - 2 bread rations
 f - a meat ration
 h - a slice of pizza
 l - a chunk of flesh


   Skills:
 - Level 1.5 Dodging
 - Level 2.1 Stealth
 * Level 2.9 Spellcasting
 - Level 0.7 Transmutations
 + Level 4.2 Earth Magic


You had 4 spell levels left.
You knew the following spells:

 Your Spells              Type           Power        Failure   Level  Hunger
a - Sandblast             Erth           ###...       4%          1    #......
b - Stoneskin             Trmt/Erth      ##......     12%         2    ##.....


Dungeon Overview and Level Annotations

Branches:
Dungeon (2/15)

Altars:
Nemelex Xobeh
Yredelemnul

Annotations:
D:2 Sigmund


Innate Abilities, Weirdness & Mutations

You are resistant to torment.
Your stone body is resilient (AC +3).
You are immune to poison.
You resist negative energy.
You are resistant to electric shocks.
You can survive without breathing.
You are immune to petrification.
You are immune to rotting.


Message History

Press: ? - help, Shift-Dir - straight line, f/p - Sigmund
Aim: Sigmund, wielding a scythe and wearing a robe (moderately wounded)
The rocky blast misses Sigmund.
Sigmund screams, "Die, monster!"
Sigmund casts a spell at you. The magic dart hits you!
Sigmund casts a spell at you. The magic dart hits you!
* * * LOW HITPOINT WARNING * * *
Sigmund casts a spell at you. You resist with almost no effort.
Casting: Sandblast
Confirm with . or Enter, or press ? or * to list all spells.
You can't see any susceptible monsters within range! (Use Z to cast anyway.) Sigmund screams, "Die, monster!"
Your skin feels tender.
You see here a robe.
There is a stone staircase leading up here.
The adder bites you.
You die...

#.###.#.### #..##.....#
##########........#########
#.........##......##.......
####...##.........##.###...
#######.####?#........##....
...........#.>#@.......#.###
##..###..#.##............###
# ##...@S[#..........#..
###..#.#.............
......#...............#.
...##...............#...
..... ####........<.=....)
#...... #............#......
#.........#..##....#.....##.
#.....#####.#............#.
##.....###.._...###.........


You could see Sigmund and an adder.

Vanquished Creatures
  A ball python (D:1)
  7 hobgoblins
  7 bats
  2 giant newts (D:1)
  5 goblins
  4 kobolds
  2 rats
28 creatures vanquished.

Notes
Turn   | Place    | Note
--------------------------------------------------------------
     0 | D:1      | Ordine the Gargoyle Earth Elementalist began the quest for the Orb.
     0 | D:1      | Reached XP level 1. HP: 10/10 MP: 3/3
   268 | D:1      | Reached XP level 2. HP: 9/15 MP: 0/5
   379 | D:1      | Learned a level 2 spell: Stoneskin
   462 | D:1      | Reached skill level 4 in Earth Magic
   844 | D:2      | Reached XP level 3. HP: 13/19 MP: 0/7
   881 | D:2      | Found a basalt altar of Yredelemnul.
   943 | D:2      | Found a sparkling altar of Nemelex Xobeh.
  1091 | D:2      | Noticed Sigmund
  1115 | D:2      | Slain by an adder

Vault maps used:
D:1:      minmay_arrival_four_houses
D:2:      lemuel_crystal_altar, lemuel_crystal_altar, uniq_sigmund

Action                   || total
-------------------------++-------
Melee: Unarmed           ||     5
       Club              ||    17
 Cast: Sandblast         ||    50
       Stoneskin         ||     1
  Use: Scroll            ||     6
  Eat: Chunk             ||     1
